AoeStats
← CazadorGT

Arabia

507164874Analyzed
3v3 RM · 16d ago on Sep 16, 2026· 50m 50s· 6 players
Game mode
Random Map
Map size
Normal (6 player)
Population
200
Speed
Normal
Resources
Standard
Victory
Conquest
Starting age
Dark Age
Ending age
Imperial Age
RankedLock teamsTeams togetherTeam positionsShared explorationLock speedFull tech treeHidden civsTurbo modeCheats
Victory
Defeat
🇨🇴 Persians · Colombia
1215
+9
🇬🇹 Bulgarians · Guatemala
1100
+13
🇮🇹 Mongols · Italy
907
+20
🇲🇽 Persians · Mexico
1086
-16
🇨🇿 Khmer · Czechia
1039
-14
🇨🇦 Portuguese · Canada
984
-12
Sistematico
10:55 Feudal Age
17:06 Castle Age
23:42 Husbandry
23:52 Bloodlines
24:47 Scale Barding Armor
25:08 Forging
24:44 Pikeman
25:27 Loom
29:05 Wheelbarrow
30:24 Double-Bit Axe
31:38 Iron Casting
31:50 Horse Collar
32:52 Fletching
34:06 Hand Cart
37:58 Imperial Age
36:00 Heavy Plow
37:10 Chain Barding Armor
37:11 Town Watch
38:03 Scale Mail Armor
37:37 Halberdier
38:28 Cavalier
42:49 Blast Furnace
42:34 Savar
44:50 Plate Barding Armor
45:16 Chain Mail Armor
46:39 Plate Mail Armor
marek.rihu
10:32 Feudal Age
12:29 Bloodlines
sebas4fr
3:19 Loom
10:40 Feudal Age
17:33 Castle Age
15:30 Double-Bit Axe
17:21 Wheelbarrow
18:00 Scale Barding Armor
18:06 Forging
24:50 Pikeman
26:10 Iron Casting
26:19 Scale Mail Armor
34:31 Husbandry
38:01 Hand Cart
38:24 Fletching
48:48 Gold Mining
50:37 Gambesons
CazadorGT
7:08 Loom
9:40 Feudal Age
11:21 Forging
11:48 Scale Mail Armor
13:53 Arson
18:08 Horse Collar
20:13 Fletching
24:32 Castle Age
24:41 Bloodlines
25:11 Scale Barding Armor
25:46 Husbandry
28:35 Chain Barding Armor
30:10 Iron Casting
31:50 Bodkin Arrow
34:45 Double-Bit Axe
35:01 Heavy Plow
37:10 Wheelbarrow
40:26 Imperial Age
39:56 Bow Saw
40:52 Elite Konnik
42:49 Bracer
45:45 Blast Furnace
45:48 Plate Barding Armor
48:50 Hand Cart
Juan_DavidMLL
6:00 Loom
8:40 Feudal Age
9:22 Double-Bit Axe
16:13 Scale Barding Armor
16:24 Bloodlines
20:36 Castle Age
19:22 Forging
19:58 Horse Collar
20:43 Gold Mining
22:28 Bow Saw
22:58 Husbandry
23:44 Wheelbarrow
25:49 Iron Casting
26:28 Heavy Plow
27:47 Chain Barding Armor
30:24 Hand Cart
35:49 Imperial Age
35:28 Cavalier
37:04 Plate Barding Armor
37:56 Blast Furnace
36:49 Fletching
40:25 Gold Shaft Mining
39:40 Stone Mining
40:51 Two-Man Saw
41:17 Savar
42:07 Town Watch
42:57 Crop Rotation
verbumdei76
2:55 Loom
11:53 Feudal Age
12:23 Double-Bit Axe
18:46 Castle Age
21:02 Town Watch
39:46 Bow Saw
40:59 Fervor
42:35 Forging
44:23 Bloodlines
Connection lost

Rejoining the realm…

Still unreachable

The connection could not be restored.

Session expired

The server has moved on; the page needs a fresh start.